Map: Oxide LE

Players

LiquidClem (Clem) - Winner!

  • Race: Terran Terran
  • League: Grandmaster

AGOElazer (Elazer)

  • Race: Zerg Zerg
  • League: Grandmaster

Event: DreamHack SC2 Masters 2021 Summer

VOD

Have the link to the VOD?

Description

Time

  • Played on: May 30, 2021, 10:54 a.m.
  • Length: 11:40

All games in this series

Show
View Real Time Build Order
Export as new Build Order

LiquidClem Terran - Winner!

Build Orders: Reaper Expand, Hellion Banshee 

Get SALT Encoding   

  12  0:00  SCV  
  13  0:12  SCV  
  14  0:16  Supply Depot  
  14  0:24  SCV  
  15  0:38  SCV  
  15  0:39  Barracks  
  16  0:43  Refinery  
  16  0:50  SCV  
  17  1:02  SCV  
  18  1:14  SCV  
  19  1:25  Reaper  
  19  1:26  Orbital Command  
  20  1:40  Command Center  
  20  1:48  Supply Depot  
  20  1:52  SCV  
  21  1:57  Marine  
  22  2:04  SCV  
  23  2:12  Factory  
  23  2:16  SCV  
  23  2:20  Barracks Reactor  
  24  2:28  SCV  
  25  2:38  Command Center  
  25  2:43  SCV  
  26  2:52  Orbital Command  
  26  2:56  SCV  
  27  2:59  Starport  
  27  3:04  Refinery  
  27  3:08  SCV  
  27  3:09  Hellion  
  30  3:13  Hellion  
  30  3:17  SCV  
  33  3:20  SCV  
  33  3:24  Barracks Tech Lab  
  34  3:29  SCV  
  34  3:32  SCV, Hellion  
  38  3:34  Hellion  
  40  3:42  SCV  
  40  3:44  SCV  
  40  3:46  Banshee  
  45  3:51  Orbital Command  
  45  3:54  SCV  
  46  3:56  SCV  
  46  3:57  Cloaking Field  
  46  4:00  Supply Depot  
  46  4:01  Hellion  
  49  4:05  Hellion  
  49  4:07  SCV  
  49  4:09  Barracks Tech Lab  
  52  4:11  SCV  
  53  4:17  SCV  
  53  4:19  SCV  
  53  4:23  SCV, Hellion  
  58  4:25  Supply Depot  
  58  4:26  Hellion  
  58  4:29  Banshee, SCV  
  64  4:31  SCV  
  64  4:35  SCV  
  64  4:37  Stimpack  
  66  4:41  SCV, Barracks  
  66  4:43  SCV  
  66  4:45  Barracks  
  68  4:46  Marine  
  68  4:48  SCV  
  70  4:55  Orbital Command, Engineering Bay  
  70  4:56  Engineering Bay  
  70  4:57  Refinery  
  70  5:00  SCV, Supply Depot  
  70  5:01  SCV  
  70  5:04  Marine  
  73  5:12  SCV  
  73  5:13  Refinery, SCV  
  75  5:21  Marine  
  75  5:23  Barracks, Supply Depot  
  75  5:24  Starport Reactor  
  75  5:25  SCV x2, Barracks  
  78  5:30  Terran Infantry Armor Level 1, Terran Infantry Weapons Level 1  
  78  5:32  Barracks Reactor  
  78  5:34  SCV  
  79  5:37  SCV  
  79  5:39  Marine  
  79  5:40  Marine x2  
  79  5:41  SCV  
  84  5:46  SCV, Supply Depot  
  84  5:48  Supply Depot  
  85  5:51  Siege Tank  
  85  5:52  SCV  
  89  5:57  Marine  
  89  5:58  Marine x2  
  89  6:00  SCV  
  89  6:04  Supply Depot  
  93  6:05  Supply Depot  
  93  6:07  Medivac x2  
  93  6:08  SCV  
  93  6:09  Marine  
  93  6:10  SCV  
  98  6:12  Barracks Reactor  
  98  6:13  Marine  
  98  6:15  Marine  
  98  6:16  SCV, Marine  
  98  6:17  Marine  
  95  6:19  Barracks Reactor  
  95  6:23  SCV x2, Supply Depot  
  97  6:26  Marine  
  97  6:30  Marine  
  97  6:31  Siege Tank  
  102  6:33  SCV, Marine  
  102  6:35  SCV x2  
  106  6:40  Marine  
  106  6:42  Supply Depot  
  106  6:43  Refinery  
  106  6:45  SCV  
  108  6:47  SCV, Marine x2  
  108  6:49  Factory  
  108  6:50  Armory  
  108  6:53  Marine x3  
  108  6:54  Marine  
  114  6:55  Refinery  
  114  6:56  SCV, Marine  
  114  6:57  SCV  
  114  6:59  SCV, Combat Shield  
  119  7:01  Marine  
  119  7:04  Marine  
  119  7:07  Marine  
  122  7:11  Siege Tank  
  122  7:13  Command Center  
  125  7:17  Missile Turret x2  
  125  7:18  Missile Turret  
  125  7:19  Marine x2  
  127  7:24  Marine x4  
  127  7:26  Supply Depot  
  127  7:28  Marine  
  127  7:29  Marine x2, Supply Depot  
  132  7:32  Factory Reactor  
  133  7:37  SCV x2, Marine x2  
  133  7:39  Factory Reactor  
  133  7:42  Marine x2  
  133  7:44  Marine  
  137  7:49  Marine  
  137  7:51  Marine x3  
  139  7:54  Marine  
  139  7:55  Marine  
  144  7:59  Medivac x2  
  144  8:00  Marine  
  144  8:01  Drilling Claws, Thor  
  144  8:02  Marine x2  
  157  8:11  Supply Depot  
  157  8:13  Supply Depot  
  157  8:23  Supply Depot x2  
  157  8:32  Marine x3, Supply Depot  
  157  8:33  Widow Mine x2, SCV  
  165  8:35  SCV, Marine x5, Medivac  
  165  8:37  Terran Infantry Weapons Level 2  
  165  8:39  Marine, Medivac  
  165  8:41  Terran Infantry Armor Level 2  
  169  8:50  SCV, Marine x3  
  169  8:53  Marine  
  169  8:54  Thor  
  169  8:55  Marine x2  
  182  8:58  Marine  
  182  9:00  Widow Mine  
  182  9:02  Marine  
  183  9:06  Widow Mine, Marine  
  183  9:08  Marine  
  184  9:11  Marine  
  184  9:12  Marine  
  184  9:14  Medivac  
  188  9:17  Marine  
  188  9:20  SCV  
  188  9:21  Widow Mine  
  190  9:24  Marine  
  190  9:27  Planetary Fortress  
  190  9:28  Widow Mine  
  190  9:29  Marine  
  194  9:31  Terran Vehicle And Ship Armor Level 1  
  194  9:33  SCV, Marine  
  194  9:37  Widow Mine, Medivac  
  199  9:40  Marine  
  199  9:44  Marine  
  200  9:48  Barracks  
  200  9:49  Barracks  
  200  9:50  Barracks  
  200  9:52  Missile Turret  
  200  10:05  Missile Turret  
  200  10:07  Command Center  
  200  10:25  Widow Mine, Marine x2  
  200  10:26  Liberator  
  200  10:27  Marauder, Marine x2  
  185  10:28  Widow Mine, Marine  
  185  10:29  Marine x3  
  185  10:30  Widow Mine  
  185  10:31  Medivac  
  158  10:38  Marine x2  
  158  10:39  Barracks Tech Lab  
  156  10:43  Marine x2  
  156  10:44  Marine  
  156  10:45  Marine  
  156  10:47  Widow Mine  
  156  10:49  SCV, Marauder  
  164  10:50  Widow Mine, SCV, Marine  
  164  10:52  Widow Mine  
  164  10:53  Command Center  
  163  11:01  Marine x2, Medivac  
  163  11:02  Marauder, Marine x2  
  163  11:03  Barracks Tech Lab  
  155  11:08  Widow Mine  
  155  11:09  Medivac  
  155  11:11  Widow Mine, Marauder, Marine x3  
  163  11:13  Widow Mine  
  163  11:15  Barracks Tech Lab, SCV  
  163  11:16  SCV  
Show
View Real Time Build Order
Export as new Build Order

AGOElazer Zerg 

Build Orders: Hatch First, Muta Ling Bane 

Get SALT Encoding   

  12  0:00  Drone  
  13  0:12  Overlord  
  13  0:16  Drone  
  14  0:31  Drone x2  
  16  0:47  Hatchery  
  15  0:50  Drone  
  15  0:54  Drone  
  17  0:57  Drone  
  18  1:07  Extractor  
  17  1:12  Spawning Pool  
  17  1:16  Drone  
  17  1:18  Drone  
  18  1:27  Drone  
  19  1:38  Drone  
  20  1:50  Drone  
  21  1:59  Queen x2  
  21  2:00  Zergling x4  
  27  2:10  Drone  
  27  2:11  Overlord  
  28  2:20  Hatchery  
  27  2:23  Drone  
  28  2:30  Drone  
  28  2:32  Drone x2  
  28  2:35  Metabolic Boost  
  31  2:44  Queen  
  31  2:48  Overlord  
  33  2:52  Drone  
  33  2:53  Drone  
  33  2:55  Drone  
  36  3:04  Overlord  
  36  3:06  Queen  
  36  3:08  Drone  
  36  3:10  Drone  
  36  3:12  Drone  
  41  3:14  Drone  
  42  3:22  Queen  
  42  3:25  Drone  
  42  3:26  Drone  
  47  3:27  Drone  
  47  3:33  Overlord  
  47  3:34  Queen  
  47  3:37  Drone  
  47  3:40  Zergling x4  
  52  3:42  Zergling x2  
  52  3:46  Drone x2  
  52  3:48  Drone  
  56  3:49  Drone  
  56  3:52  Drone x2  
  59  3:58  Overlord  
  59  3:59  Drone x2  
  61  4:02  Queen  
  61  4:08  Drone x3  
  65  4:18  Drone x3  
  65  4:20  Drone x4  
  65  4:24  Lair  
  72  4:26  Overlord  
  72  4:27  Drone  
  72  4:30  Drone  
  74  4:31  Spore Crawler  
  74  4:33  Spore Crawler  
  74  4:34  Spore Crawler  
  74  4:36  Zergling x6  
  74  4:39  Extractor  
  74  4:41  Extractor, Queen  
  74  4:47  Overlord  
  74  4:50  Drone x6  
  77  4:53  Drone  
  77  4:54  Drone  
  77  4:57  Drone x2  
  81  5:03  Drone  
  81  5:06  Hatchery  
  80  5:07  Overlord  
  80  5:09  Drone  
  80  5:10  Drone  
  80  5:11  Drone  
  82  5:18  Drone  
  82  5:19  Extractor  
  82  5:20  Extractor  
  81  5:21  Extractor  
  81  5:22  Drone x3  
  81  5:24  Drone  
  81  5:25  Drone, Overseer  
  81  5:26  Spire  
  81  5:28  Overseer  
  84  5:30  Drone x3  
  84  5:34  Drone x3  
  90  5:36  Overlord  
  90  5:40  Overlord  
  90  5:43  Drone  
  90  5:48  Baneling Nest  
  90  5:49  Drone  
  91  5:52  Zergling x8  
  92  6:00  Overlord  
  92  6:01  Drone x3  
  92  6:02  Drone  
  96  6:08  Zergling x2  
  96  6:09  Zergling x2  
  96  6:10  Zergling x6  
  98  6:15  Zergling x4  
  97  6:19  Overlord  
  97  6:21  Drone  
  97  6:24  Drone x4  
  98  6:38  Mutalisk x5  
  98  6:39  Centrifical Hooks  
  108  6:43  Mutalisk x2  
  112  6:48  Evolution Chamber x2, Overlord  
  110  6:55  Drone x6  
  116  7:08  Hatchery  
  115  7:12  Zergling x26  
  123  7:17  Overlord  
  123  7:18  Drone x3  
  123  7:20  Zerg Melee Weapons Level 1, Zerg Ground Armor Level 1  
  126  7:25  Mutalisk x3  
  126  7:28  Baneling x7  
  132  7:31  Zergling x6  
  135  7:42  Zergling x22  
  135  7:43  Zergling x2  
  145  7:48  Baneling x7  
  145  7:49  Overlord  
  140  7:51  Zergling x6  
  140  7:58  Overlord, Zerg Flyer Weapons Level 1  
  142  7:59  Drone x5  
  142  8:02  Mutalisk x2  
  151  8:08  Overlord x2  
  151  8:12  Spore Crawler  
  150  8:23  Baneling x11  
  150  8:24  Zergling x22  
  161  8:27  Zergling x12  
  161  8:32  Overlord  
  167  8:40  Mutalisk x5  
  177  8:45  Zergling x14  
  183  8:49  Baneling  
  183  8:50  Baneling x3  
  183  8:52  Drone x4  
  183  8:53  Extractor, Drone x2  
  183  8:54  Drone  
  189  8:59  Zergling x2  
  189  9:00  Zergling x8  
  187  9:05  Baneling  
  187  9:06  Baneling x7  
  187  9:09  Zergling x16  
  192  9:13  Zergling x4  
  190  9:22  Zergling x16  
  193  9:36  Zergling x8  
  197  9:38  Overseer x2  
  197  9:40  Overlord  
  197  9:41  Overlord x3  
  192  9:53  Baneling x11  
  192  9:56  Spore Crawler  
  192  9:57  Spore Crawler  
  192  9:58  Baneling x8  
  188  10:06  Zergling x2  
  188  10:07  Zergling x20  
  199  10:26  Mutalisk  
  199  10:27  Mutalisk x5  
  169  10:29  Zergling x32  
  169  10:30  Zergling x8  
  165  10:42  Zergling x10  
  167  10:46  Zergling x6  
  159  10:54  Zergling x8  
  147  11:00  Mutalisk x5  
  147  11:03  Mutalisk x2  
  157  11:09  Baneling x6  
  155  11:11  Zergling x2  
  155  11:12  Zergling x4  
  155  11:14  Extractor  
  157  11:19  Baneling x5  
  157  11:21  Zergling x8  
Tags
 
Add a new tag
Caveats
  • Supply blocks, unpowered buildings, or Contaminate may cause inaccurate times.
  • Supply counts are checked every 10 seconds.